 Dungeon Crawl Stone Soup version 0.30-b1-2-g02819fbbbe (webtiles) character file.

Game seed: 3941358509548673876

77 Borgoz the Cudgeller (level 4, 0/29 HPs)
             Began as a Gargoyle Berserker on June 18, 2023.
             Was a Follower of Trog.
             Slain by a gnoll
             ... wielding a +0 halberd
              (14 damage)
             ... on level 3 of the Dungeon.
             The game lasted 00:02:35 (1886 turns).

Borgoz the Cudgeller (Gargoyle Berserker)           Turns: 1886, Time: 00:02:35

Health: 0/29       AC:  6    Str: 20    XL:     4   Next: 34%
Magic:  4/4        EV: 12    Int:  8    God:    Trog [*.....]
Gold:   73         SH:  0    Dex: 11    Spells: 3/3 levels left

rFire   . . .        a - +0 mace
rCold   . . .        (no shield)
rNeg    + . .        b - +1 animal skin
rPois   ∞            (no helmet)
rElec   +            (no cloak)
rCorr   .            (no gloves)
SInv    .            (no boots)
Will    ++...        (no amulet)
Stlth   +            (no ring)
HPRegen 1.24/turn    (no ring)
MPRegen 0.09/turn

%: no passive effects
@: strong-willed, on berserk cooldown, regenerating
A: sickness immunity, AC +3, negative energy resistance 1, electricity
resistance, torment resistance 1, petrification resistance
a: Renounce Religion, Berserk


You were on level 3 of the Dungeon.
You worshipped Trog.
Trog was aware of your devotion.
You visited 1 branch of the dungeon, and saw 3 of its levels.

You collected 73 gold pieces.

Inventory:

Hand Weapons
 a - a +0 mace (weapon)
Armour
 b - a +1 animal skin (worn)
Scrolls
 d - a scroll of teleportation
 j - a scroll of magic mapping
Potions
 c - 2 potions of mutation
 e - a potion of invisibility {unknown}
 f - a potion of heal wounds
 g - a potion of resistance {unknown}
 h - a potion of lignification {unknown}


   Skills:
 + Level 3.8 Fighting
 * Level 3.9 Maces & Flails
 + Level 2.9 Armour
 + Level 2.1 Dodging


You had 3 spell levels left.
You didn't know any spells.
Your spell library was empty.

Dungeon Overview and Level Annotations

Branches:
Dungeon (3/15)

Altars:
Ashenzari


Innate Abilities, Weirdness & Mutations

You are immune to sickness and miasma.
Your stone body is resilient. (AC +3)
You are immune to poison.
You resist negative energy. (rN+)
You are resistant to electric shocks. (rElec)
You are resistant to unholy torment.
You are immune to petrification.


Message History

j - a scroll of magic mapping
Found 2 stones. 3 gnolls come into view.
The gnoll shouts! x2; You hear a shout!
A gnoll comes into view. It is wielding a +0 club.
The gnoll shouts!
The gnoll hits you from afar with a +0 halberd!
The gnoll shouts!
The gnoll barely misses you.
A goblin comes into view. It is wielding a +0 dagger.
The gnoll hits you with a +0 halberd. x2; The gnoll closely misses you.
Okay, then.
Your skin crawls.
You feel strong-willed. The gnoll closely misses you.
The gnoll hits you with a +0 halberd.
You feel the effects of Trog's Hand fading.
The gnoll closely misses you.
You aren't carrying any items that you can evoke.
Your skin stops crawling.
You feel less strong-willed. The gnoll misses you.
You feel yourself speed up.
Your skin crawls.
You feel strong-willed.
You can no longer call upon Trog for regeneration and willpower.
The gnoll closely misses you.
You aren't carrying any items that you can evoke.
Blink to where?
Press: ? - help, Dir - move target
As you read the scroll labelled NIECVE OZYUMU, it crumbles to dust.
It was a scroll of blinking.
You're still recovering from your berserk rage.
The gnoll closely misses you. The gnoll hits you but does no damage.
You hit the gnoll.
The gnoll is lightly wounded.
The gnoll hits you with a +0 halberd. The gnoll misses you.
You barely miss the gnoll.
The gnoll is lightly wounded.
The gnoll hits you with a +0 halberd!
The gnoll hits you from afar with a +0 halberd!
You die...

###.....#................
#.........##.############
#.........##........
#.........##########
#.........# #....#
#....†....# #....#
#.........# #....#
#.........###....#
#..........@g....#
#........####gg.##
#........##.....#
###########.....# #...g.#
#...#.# #...#g# #####.#
#.#


You could see 3 gnolls.

Vanquished Creatures
  Natasha (D:3)
  An adder (D:2)
  A worm (D:2)
  5 ball pythons
  2 bats
  5 endoplasms
  A giant cockroach (D:2)
  3 goblins
  8 jackals (D:1)
  2 quokkas (D:1)
  3 frilled lizards
  3 kobolds
  2 rats
37 creatures vanquished.

Vanquished Creatures (others)
  13 plants (D:1)
13 creatures vanquished.

Grand Total: 50 creatures vanquished

Notes
Turn   | Place    | Note
-------+----------+-------------------------------------------
     0 | D:1      | Borgoz the Gargoyle Berserker began the quest for the Orb.
     0 | D:1      | Reached XP level 1. HP: 14/14 MP: 1/1
    83 | D:1      | Reached XP level 2. HP: 19/19 MP: 2/2
   745 | D:1      | Reached XP level 3. HP: 23/23 MP: 3/3
  1077 | D:2      | Found a broken altar of Ashenzari.
  1540 | D:2      | Reached ** piety under Trog
  1832 | D:3      | Noticed Natasha
  1838 | D:3      | Killed Natasha
  1839 | D:3      | Reached XP level 4. HP: 29/29 MP: 4/4
  1886 | D:3      | Slain by a gnoll

Illustrated notes

Levels and vault maps discovered:
D:1:      roderic_crop_circles_arrival_large, layout_loops_ring, serial_rivers,
          chequers_serial_rivers_large_a, chequers_serial_rivers_small_b,
          chequers_serial_rivers_marsh, chequers_serial_rivers_large_b
D:2:      layout_basic, basic_altar, kennysheep_generic_room_4
D:3:      layout_basic, xom_redecorated, fedhas_ov_isle_minmay, uniq_natasha

Skill      XL: |  1  2  3 |
---------------+----------+-----
Dodging        | 2 |  2.1
Fighting       | |  3.8
Maces & Flails | |  3.9
Armour         | |  2.9

Action                     |  1- 3 |  4- 6 || total
---------------------------+-------+-------++-------
  Melee: Mace              |   131 |     2 ||   133
 Invoke: Berserk           |     1 |       ||     1
         Trog's Hand       |       |     2 ||     2
    Use: Scroll            |     9 |     1 ||    10
   Stab: Sleeping          |     1 |       ||     1
 Armour: Animal skin       |    47 |     1 ||    48
  Dodge: Dodged            |    96 |     8 ||   104
